 Dungeon Crawl Stone Soup version 0.20.1-1-g8b1a95d66d (webtiles) character file.

122 CarryRhodan the Sneak (level 4, -6/21 HPs)
             Began as a Spriggan Conjurer on Dec 23, 2017.
             Was an Initiate of Dithmenos.
             Killed by divine providence
             ... invoked by an orc priest
              (14 damage)
             ... on level 3 of the Dungeon on Dec 24, 2017.
             The game lasted 01:01:16 (4406 turns).

CarryRhodan the Sneak (Spriggan Conjurer)           Turns: 4406, Time: 01:01:17

Health: -6/21      AC:  2    Str:  4    XL:     4   Next: 78%
Magic:  1/9        EV: 20    Int: 16    God:    Dithmenos [......]
Gold:   93         SH:  0    Dex: 17    Spells: 1/9 levels left

rFire    . . .     SeeInvis +   v - +0 dagger (elec)
rCold    . . .     Gourm    .   (shield restricted)
rNeg     . . .     Faith    .   n - +0 robe
rPois    .         Spirit   .   (helmet restricted)
rElec    .         Reflect  .   (no cloak)
rCorr    .         Harm     .   (gloves unavailable)
MR       .....                  (boots unavailable)
Stlth    +++.......             (no amulet)
Regen    0.1/turn               r - +1 ring of evasion
MPRegen  0.2/turn               (no ring)

@: very quick
A: unfitting armour, see invisible, herbivore 3, speed 3, slow metabolism 2
a: Renounce Religion


You were on level 3 of the Dungeon.
You worshipped Dithmenos.
Dithmenos was noncommittal.
You were full.

You visited 1 branch of the dungeon, and saw 3 of its levels.

You collected 93 gold pieces.

Inventory:

Hand Weapons
 f - a +0 dagger of venom
 i - a +0 vampiric dagger
 q - a +0 hunting sling
 v - a +0 dagger of electrocution (weapon)
Missiles
 d - 12 sling bullets
 j - 3 javelins (quivered)
 m - 14 poisoned needles
Armour
 a - a +0 robe
 n - a +0 robe (worn)
Jewellery
 r - a +1 ring of evasion (left hand)
Wands
 k - a wand of random effects (9/48)
Scrolls
 e - a scroll of magic mapping
 g - a scroll of teleportation
 l - a scroll of fear
 o - 3 scrolls of amnesia {unknown}
 s - 2 scrolls of noise {unknown}
 t - a scroll of fog {unknown}
 y - a scroll of identify
Potions
 h - a potion of might {unknown}
 p - a potion of degeneration {unknown}
 w - a potion of haste {unknown}
Books
 b - a book of Conjurations

   Spells                             Type                      Level
   a - Magic Dart                     Conjuration                  1
   b - Searing Ray                    Conjuration                  2
   c - Dazzling Spray                 Conjuration/Hexes            3
   d - Fulminant Prism                Conjuration/Hexes            4
   e - Force Lance                    Conjuration/Translocation    4
   f - Iskenderun's Mystic Blast      Conjuration                  4
 x - a book of Minor Magic

   Spells                             Type                      Level
   a - Magic Dart                     Conjuration                  1
   b - Blink                          Translocation                2
   c - Call Imp                       Summoning                    2
   d - Slow                           Hexes                        2
   e - Conjure Flame                  Conjuration/Fire             3
   f - Mephitic Cloud                 Conjuration/Poison/Air       3
Comestibles
 c - a bread ration
 u - 2 meat rations


   Skills:
 + Level 2.0 Short Blades
 - Level 1.0(1.6) Slings
 - Level 1.5(1.6) Throwing
 + Level 4.0 Dodging
 + Level 4.3 Stealth
 + Level 3.1 Spellcasting
 + Level 3.1 Conjurations


You had one spell level left.
You knew the following spells:

 Your Spells              Type           Power        Failure   Level  Hunger
a - Magic Dart            Conj           ##..         4%          1    None
b - Searing Ray           Conj           ##....       8%          2    ##.....
c - Dazzling Spray        Conj/Hex       #.....       28%         3    ###....
d - Blink                 Tloc           N/A          28%         2    ##.....


Dungeon Overview and Level Annotations

Branches:
Dungeon (3/15)

Altars:
Dithmenos


Innate Abilities, Weirdness & Mutations

You are very small and have problems with some larger weapons.
You are too small for most types of armour.
You have supernaturally acute eyesight. (SInv)
You are a herbivore.
You cover ground extremely quickly.
You need consume almost no food.


Message History

Casting: Magic Dart
Confirm with . or Enter, or press ? or * to list all spells.
Aiming: Magic Dart
Press: ? - help, Shift-Dir - straight line, f/p - orc priest
Aim: an orc priest, wielding a short sword and wearing a scale mail (heavily wounded)
The magic dart hits the orc priest.
The orc priest is severely wounded.
Casting: Magic Dart
Confirm with . or Enter, or press ? or * to list all spells.
Aiming: Magic Dart
Press: ? - help, Shift-Dir - straight line, f/p - orc priest
Aim: an orc priest, wielding a short sword and wearing a scale mail (severely wounded)
The magic dart hits the orc priest.
The orc priest is severely wounded.
You barely miss the orc priest.
The orc priest is severely wounded.
The orc priest mumbles some strange prayers to Beogh against you.
Beogh smites you!
Ouch! That really hurt!
You die...

o.......# #.........oo........
........######..b......#.........
###......o)o...(......÷.....###..
.)......######.........##.#......
###.....######.........##.#....#.
o.#.........##.........##.#......
#.#########......#.######.##.....
..# ######....### #..#..... #.#
###@.#...# ##...##.# ..#
#########.o.####.#####...#..
######...#.....### #....#..#.###
o...##...#.##### ####...##.#
###........# #...÷#.## ####....##
######.##....## #.....####
#..[...####....
###...#.)..#####.###### ##...
#.....####....##.### #...


You could see an orc priest and a bat.

Vanquished Creatures
  4 adders
  An ooze (D:3)
  3 worms
  A dart slug (D:2)
  5 leopard geckos
  3 orcs (D:3)
  A giant cockroach (D:2)
  7 goblins
  8 hobgoblins
  5 jackals (D:2)
  3 kobolds
  2 quokkas (D:2)
  A ball python (D:3)
  9 bats
  2 frilled lizards
  6 rats
61 creatures vanquished.

Notes
Turn   | Place    | Note
-------+----------+-------------------------------------------
     0 | D:1      | CarryRhodan the Spriggan Conjurer began the quest for the Orb.
     0 | D:1      | Reached XP level 1. HP: 9/9 MP: 5/5
   532 | D:1      | Reached XP level 2. HP: 13/13 MP: 1/6
  1051 | D:1      | Learned a level 2 spell: Searing Ray
  1270 | D:2      | Reached XP level 3. HP: 14/16 MP: 0/8
  1401 | D:2      | Reached skill level 1 in Throwing
  2218 | D:2      | Reached skill level 1 in Short Blades
  2539 | D:2      | Reached XP level 4. HP: 21/21 MP: 1/9
  2547 | D:2      | Learned a level 3 spell: Dazzling Spray
  3012 | D:3      | Found a shadowy altar of Dithmenos.
  3044 | D:3      | Became a worshipper of Dithmenos the Shadowed
  3222 | D:3      | Reached skill level 1 in Slings
  3943 | D:3      | Learned a level 2 spell: Blink
  4406 | D:3      | Killed from afar by an orc priest

Skill      XL: |  1  2  3  4 |
---------------+-------------+-----
Conjurations   | 3 |  3.1
Spellcasting   | 3 |  3.1
Throwing       | 1 |  1.5
Short Blades   | 1 2 |  2.0
Dodging        | 4 |  4.0
Stealth        | 4 |  4.3
Slings         | 1 |  1.0

Action                   |  1- 3 |  4- 6 || total
-------------------------+-------+-------++-------
Melee: Dagger            |    81 |    41 ||   122
 Fire: Hunting sling     |       |    30 ||    30
Throw: Stone             |    22 |       ||    22
 Cast: Magic Dart        |    66 |    24 ||    90
       Searing Ray       |     2 |     1 ||     3
       Dazzling Spray    |       |     1 ||     1
  Use: Scroll            |     3 |     1 ||     4
 Stab: Sleeping          |     1 |       ||     1
  Eat: Bread ration      |       |     1 ||     1
Armor: Robe              |    16 |     1 ||    17
Dodge: Dodged            |   155 |    63 ||   218
